 Dungeon Crawl Stone Soup version 0.30-a0-626-gd6a5dd7a1f (webtiles) character file.

Game seed: 10876778444926261177

1647 drugrobin the Martial Artist (level 8, -8/63 HPs)
             Began as a Demigod Delver on Jan 11, 2023.
             Mangled by a hornet (14 damage)
             ... on level 6 of the Dungeon.
             The game lasted 00:14:50 (4998 turns).

drugrobin the Martial Artist (Demigod Delver)       Turns: 4998, Time: 00:14:50

Health: -8/63      AC:  6    Str: 17    XL:     8   Next: 40%
Magic:  10/10      EV: 12    Int: 12    God:
Gold:   30         SH:  0    Dex: 19    Spells: 6/7 levels left

rFire   . . .      SeeInvis .      - Unarmed
rCold   + + .      Faith    .    (no shield)
rNeg    . . .      Spirit   .    F - +2 robe {rC+}
rPois   +          Reflect  .    (no helmet)
rElec   .          Harm     .    (no cloak)
rCorr   .          Rampage  .    C - +0 pair of gloves
Will    .....                    D - +0 pair of boots
Stlth   +++                      (no amulet)
HPRegen 0.30/turn                l - ring of protection from cold
MPRegen 0.12/turn                s - ring of poison resistance

@: mighty, lethally poisoned (-8 -> -17)
A: high MP 1, forlorn, divine attributes
a: no special abilities


You were on level 6 of the Dungeon.
You visited 1 branch of the dungeon, and saw 6 of its levels.

You collected 310 gold pieces.
You spent 280 gold pieces at shops.

Inventory:

Hand Weapons
 b - a +0 sling
 c - the +6 hand axe "Anyzemy" {antimagic, +Blink rF+ rC- rN+ Str+4}
   (You found it on level 5 of the Dungeon)

   Str:       It affects your strength (+4).
   rF:        It protects you from fire.
   rC:        It makes you vulnerable to cold.
   rN:        It protects you from negative energy.
   +Blink:    It lets you blink.
 d - a +1 dagger of speed
 r - a +3 war axe
 K - a +0 quarterstaff
 L - a +0 falchion of venom
Missiles
 t - 6 poisoned darts
 G - 2 throwing nets
Armour
 k - a +0 ring mail
 C - a +0 pair of gloves (worn)
 D - a +0 pair of boots (worn)
 F - a +2 robe of cold resistance (worn)
Magical Staves
 o - a staff of cold
Jewellery
 l - a ring of protection from cold (left hand)
 s - a ring of poison resistance (right hand)
 v - a ring of magical power
Wands
 f - a wand of digging (3)
Scrolls
 i - 3 scrolls of immolation {unknown}
 j - a scroll of blinking {unknown}
 m - 3 scrolls of enchant weapon {unknown}
 n - 3 scrolls of fear
 p - 2 scrolls of fog
 w - a scroll of poison {unknown}
 x - 4 scrolls of teleportation {unknown}
 y - a scroll of enchant armour {unknown}
 A - 10 scrolls of identify {unknown}
 H - a scroll of vulnerability {unknown}
 I - a scroll of noise {unknown}
Potions
 a - a potion of cancellation {unknown}
 e - a potion of invisibility {unknown}
 g - a potion of might
 h - 6 potions of curing {unknown}
 q - a potion of flight {unknown}
 u - a potion of haste
 B - a potion of heal wounds {unknown}
 E - a potion of resistance {unknown}
 J - a potion of lignification {unknown}
 M - a potion of attraction


   Skills:
 - Level 3.0 Fighting
 - Level 2.1 Dodging
 - Level 4.7 Stealth
 + Level 9.1 Unarmed Combat
 - Level 4.0 Evocations


You had 6 spell levels left.
You knew the following spells:

 Your Spells              Type           Power      Damage    Failure   Level
a - Summon Small Mammal   Summ           0%         N/A       32%         1

Your spell library contained the following spells:

 Spells                   Type           Power      Damage    Failure   Level
 Apportation              Tloc           0%         N/A       32%         1
 Necrotise                Necr           0%         1d4       32%         1
 Gell's Gravitas          Tloc           0%         N/A       69%         3
 Lesser Beckoning         Tloc           0%         N/A       69%         3
 Teleport Other           Tloc           0%         N/A       69%         3


Dungeon Overview and Level Annotations

Branches:
Dungeon (6/15)             Temple (0/1) D:4

Shops:
D:5 *   D:6 !

Annotations:
D:4 3 runed translucent doors, BradSin's ghost, amateur DjFE
D:5 1 runed translucent door, acebull12's ghost, novice OpEn


Innate Abilities, Weirdness & Mutations

You have an increased reservoir of magic. (+10% MP)
You shall have no god before yourself.
Your divine heritage dramatically boosts your attributes as you level up.


Message History

Unknown command.
You hit the hornet but do no damage.
The hornet stings you but does no damage.
The hornet stings you!
You are poisoned.
Unknown command.
Unknown command.
Unknown command.
You hit the hornet.
The hornet is poisoned.
The hornet is lightly wounded.
You feel very sick. The hornet closely misses you.
The hornet barely misses you.
Unknown command.
Unknown command.
Your +0 falchion of venom stops dripping with poison.
You are now empty-handed.
Okay, then.
Unknown command.
You hit the hornet.
The hornet is moderately wounded.
You feel sick. The hornet stings you!
You are more poisoned.
Unknown command.
Unknown command.
It was a potion of might.
You feel very mighty all of a sudden.
You feel very sick. The hornet stings you.
* * * LOW HITPOINT WARNING * * *
The hornet stings you!
* * * LOW HITPOINT WARNING * * *
Unknown command.
Unknown command.
Unknown command.
Unknown command.
You punch the hornet!
The hornet is almost dead.
* * * LOW HITPOINT WARNING * * *
You feel sick. The hornet stings you!
You die...

#._.## #...#
###### ##.#..##
##..#...##
##...#....##
##(...#.....##
##..y..#......##
#....@.#..[....#
#.##..#.#..#####
##.#.#.#######
#............#
#.##.#######.#
#. #.# #.# ..
..# #.# ..####
#.######
#########.......


You could see a hornet (very poisoned).

Vanquished Creatures
  Pikel (D:3)
  Eustachio (D:5)
  Menkaure (D:4)
  An ice beast (D:5)
  An ogre (D:5)
  A lemure (D:3)
  A necrophage (D:3)
  A bullfrog (D:5)
  3 scorpions
  A howler monkey (D:5)
  A gnoll bouda (D:5)
  2 hounds
  An orc wizard (D:4)
  9 gnolls
  7 adders
  A river rat (D:5)
  A shadow imp (D:6)
  A white imp (D:5)
  4 worms
  A dart slug (D:2)
  10 orcs
  12 ball pythons
  9 bats
  6 endoplasms
  A giant cockroach (D:5)
  8 goblins
  6 hobgoblins
  15 jackals
  5 quokkas
  6 frilled lizards
  9 kobolds
  7 rats
134 creatures vanquished.

Vanquished Creatures (others)
  2 withered plants (D:5)
2 creatures vanquished.

Grand Total: 136 creatures vanquished

Notes
Turn   | Place    | Note
-------+----------+-------------------------------------------
     0 | D:5      | drugrobin the Demigod Delver began the quest for the Orb.
     0 | D:5      | Reached XP level 1. HP: 18/18 MP: 3/3
     0 | D:5      | Noticed a +0 short sword
    11 | D:5      | Noticed a +0 short sword
    12 | D:5      | Noticed a +0 dagger
    12 | D:5      | Noticed a +0 spear
    13 | D:5      | Noticed a +0 dagger
    27 | D:4      | Noticed a lemure
    36 | D:4      | Noticed Pikel
    38 | D:4      | Noticed a lemure
    38 | D:4      | Noticed a lemure
    39 | D:4      | Noticed a lemure
   189 | D:1      | Reached skill level 2 in Unarmed Combat
   208 | D:1      | Reached XP level 2. HP: 15/25 MP: 4/4
   764 | D:1      | Reached XP level 3. HP: 29/31 MP: 5/5
  1108 | D:2      | Reached skill level 3 in Unarmed Combat
  1434 | D:2      | Reached XP level 4. HP: 16/38 MP: 6/6
  1441 | D:2      | Reached skill level 4 in Unarmed Combat
  1825 | D:3      | Killed a lemure
  2067 | D:3      | Reached skill level 1 in Evocations
  2067 | D:3      | Reached XP level 5. HP: 45/45 MP: 7/7
  2156 | D:3      | Learned a level 1 spell: Summon Small Mammal
  2779 | D:3      | Killed Pikel
  2780 | D:3      | Reached skill level 5 in Unarmed Combat
  2780 | D:3      | Reached XP level 6. HP: 18/51 MP: 8/8
  2780 | D:3      | Reached XP level 7. HP: 20/57 MP: 9/9
  3041 | D:4      | Reached skill level 6 in Unarmed Combat
  3108 | D:4      | Found a runed translucent gate.
  3109 | D:4      | Found a runed translucent gate.
  3109 | D:4      | Found a runed translucent gate.
  3112 | D:4      | Noticed BradSin's ghost (amateur DjFE)
  3209 | D:4      | Noticed Menkaure
  3257 | D:4      | Killed Menkaure
  3258 | D:4      | Reached skill level 7 in Unarmed Combat
  3474 | D:4      | Found a staircase to the Ecumenical Temple.
  3595 | D:5      | Noticed a +0 falchion
  3619 | D:5      | Found Cuysoqoz's Assorted Antiques.
  3627 | D:5      | Bought a scroll labelled HEXEUCE KIAMMA for 31 gold pieces
  3627 | D:5      | Bought a purple potion for 27 gold pieces
  3627 | D:5      | Bought a scroll labelled HEXEUCE KIAMMA for 31 gold pieces
  3627 | D:5      | Bought a scroll labelled HEXEUCE KIAMMA for 31 gold pieces
  3627 | D:5      | Bought a scroll labelled EMPOBB TEHINO for 31 gold pieces
  3627 | D:5      | Bought a pink potion for 27 gold pieces
  3627 | D:5      | Bought a scroll labelled ICLOOJIEREV for 31 gold pieces
  3627 | D:5      | Bought a scroll labelled MUACLIWEUGG for 31 gold pieces
  3641 | D:5      | Identified the +6 hand axe "Anyzemy" {antimagic, +Blink rF+
                  | rC- rN+ Str+4}
  3952 | D:5      | Reached XP level 8. HP: 53/63 MP: 10/10
  3994 | D:5      | Noticed Eustachio
  4007 | D:5      | Killed Eustachio
  4008 | D:5      | Reached skill level 8 in Unarmed Combat
  4148 | D:5      | Noticed a +0 falchion
  4151 | D:5      | Noticed a +0 spear
  4686 | D:5      | Noticed acebull12's ghost (novice OpEn)
  4687 | D:5      | Found a runed translucent door.
  4734 | D:5      | Reached skill level 9 in Unarmed Combat
  4913 | D:6      | Noticed a hornet
  4941 | D:6      | Found Yfogg's Distillery.
  4949 | D:6      | Bought a potion of degeneration for 10 gold pieces
  4949 | D:6      | Bought a potion of attraction for 30 gold pieces
  4998 | D:6      | Mangled by a hornet

Illustrated notes

Levels and vault maps discovered:
D:1:      dpeg_arrival_long_road, layout_loops_ring, minmay_tromino_i4
D:2:      layout_rooms, minmay_fractal_squares_gapless_5
D:3:      minmay_wonky_spiral, layout_loops_ring, nicolae_wu_jian_wuxing_cycle,
          shapermc_ecumenical_altar_totnotflames, minmay_misc_feat_columns
D:4:      layout_rooms, temple_doors_cd, ebering_ghost_rock_garden, uniq_pikel,
          uniq_menkaure
D:5:      layout_loops_ring, nicolae_uskayaw_en_pointe, serial_shops, shop,
          portal_sewer_entry_b, gammafunk_ghost_grave, uniq_eustachio
D:6:      layout_loops_cross, riverfiend_overflow_shadow_ancestor,
          nicolae_ashenzari_panopticon, serial_shops, shop

Skill      XL: |  1  2  3  4  5  6  7  8 |
---------------+-------------------------+-----
Unarmed Combat | 2 3 4 5 7 9 |  9.1
Dodging        | 2 |  2.1
Fighting       | 3 |  3.0
Evocations     | 1 3 4 |  4.0
Stealth        | |  4.7

Action                   |  1- 3 |  4- 6 |  7- 9 || total
-------------------------+-------+-------+-------++-------
Melee: Quarterstaff      |    68 |       |       ||    68
       Unarmed           |   102 |    98 |   139 ||   339
       War axe           |     5 |    29 |     5 ||    39
       Punch             |     1 |     4 |     9 ||    14
       Hand axe          |       |       |    26 ||    26
       Falchion          |       |       |     2 ||     2
 Fire: Sling             |     9 |     4 |    28 ||    41
Throw: Dart              |     4 |       |     9 ||    13
 Cast: Summon Small Mamm |       |       |     1 ||     1
Evoke: Wand              |       |     3 |     3 ||     6
  Use: Scroll            |     2 |       |     1 ||     3
       Potion            |     1 |       |     1 ||     2
 Stab: Sleeping          |     2 |     5 |     2 ||     9
       Paralysed         |       |    11 |     4 ||    15
       Distracted        |       |     2 |       ||     2
Armor: Leather armour    |    18 |       |       ||    18
       Ring mail         |    43 |    28 |       ||    71
       Robe              |       |       |    40 ||    40
Dodge: Dodged            |   118 |    52 |    95 ||   265

Table legend: (Time is in decaauts)
 A = Elapsed time spent in this place.
 B = Non-inter-level travel time spent in this place.
 C = Inter-level travel time spent in this place.
 D = Time resting spent in this place.
 E = Time spent auto-exploring this place.
 F = Levels seen in this place.
 G = Mean time per level.
                   A        B        C        D        E       F      G
               +--------+--------+--------+--------+--------+-----+--------+
         Total |   4986 |   4793 |    193 |    621 |   2590 |   6 |  831.0 |
       Dungeon |   4986 |   4793 |    193 |    621 |   2590 |   6 |  831.0 |
               +--------+--------+--------+--------+--------+-----+--------+

Top non-repeatable levels by time:
     D:5: 1249 daAuts
     D:3: 1241 daAuts
     D:1: 841 daAuts
     D:4: 822 daAuts
     D:2: 759 daAuts
     D:6: 72 daAuts
